 Dungeon Crawl Stone Soup version 0.28-a0-465-ge2dae52223 (webtiles) character file.

Game seed: 3820103019634730221

49 Gwenloh the Grave Robber (level 3, 0/24 HPs)
             Began as a Mummy Necromancer on Sept 14, 2021.
             Slain by a black bear (6 damage)
             ... on level 3 of the Dungeon.
             The game lasted 00:05:28 (1967 turns).

Gwenloh the Grave Robber (Mummy Necromancer)        Turns: 1967, Time: 00:05:29

Health: 0/24       AC:  3    Str: 11    XL:     3   Next: 53%
Magic:  3/8        EV: 16    Int: 15    God:
Gold:   45         SH:  0    Dex: 12    Spells: 4/9 levels left

rFire   x . .      SeeInvis .   f - +0 dagger (venom)
rCold   + . .      Faith    .   (no shield)
rNeg    + + +      Spirit   .   g - +1 robe {Archmagi}
rPois   ∞          Reflect  .   (no helmet)
rElec   .          Harm     .   (no cloak)
rCorr   .          Rampage  .   (no gloves)
Will    .....      Archmagi +   (no boots)
Stlth   ++........              (no amulet)
HPRegen 0.08/turn               e - +4 ring of evasion
MPRegen 0.11/turn               (no ring)

@: no status effects
A: cold resistance 1, negative energy resistance 3, torment resistance 2, heat
vulnerability 1, no potions
a: no special abilities


You were on level 3 of the Dungeon.
You visited 1 branch of the dungeon, and saw 3 of its levels.

You collected 45 gold pieces.

Inventory:

Hand Weapons
 d - a +0 whip
 f - a +0 dagger of venom (weapon)
Missiles
 h - 21 stones
Armour
 a - a +0 robe
 g - a +1 robe of the Archmagi (worn)
Jewellery
 e - a +4 ring of evasion (left hand)
Scrolls
 b - 2 scrolls of teleportation
 c - 2 scrolls of identify


   Skills:
 - Level 1.5 Dodging
 - Level 1.5 Stealth
 + Level 3.5 Spellcasting
 * Level 4.9 Necromancy


You had 4 spell levels left.
You knew the following spells:

 Your Spells              Type           Power      Damage    Failure   Level
a - Pain                  Necr           100%       1d9       2%          1
b - Vampiric Draining     Necr           13%        2d7       8%          3
c - Animate Skeleton      Necr           52%        N/A       2%          1

Your spell library contained the following spells:

 Spells                   Type           Power      Damage    Failure   Level
 Animate Dead             Necr           13%        N/A       24%         4
 Agony                    Necr           26%        N/A       56%         5


Dungeon Overview and Level Annotations

Branches:
Dungeon (3/15)

Altars:

Shops:
D:1 (


Innate Abilities, Weirdness & Mutations

You are immune to poison.
Your flesh is cold resistant. (rC+)
You are immune to negative energy. (rN+++)
You are immune to unholy pain and torment.
You are vulnerable to heat. (rF-)
You do not drink.


Message History

Confirm with . or Enter, or press ? or * to list all spells.
Aiming: Pain (safe; 2% risk of failure)
Press: ? - help, Shift-Dir - straight line, f/p - black bear
Aim: a black bear (lightly wounded, chance to affect: 84%)
You feel a surge of power!
The black bear barely resists.
Casting: Pain (safe; 2% risk of failure)
Confirm with . or Enter, or press ? or * to list all spells.
Aiming: Pain (safe; 2% risk of failure)
Press: ? - help, Shift-Dir - straight line, f/p - black bear
Aim: a black bear (lightly wounded, chance to affect: 84%)
You feel a surge of power!
The black bear barely resists.
Casting: Pain (safe; 2% risk of failure)
Confirm with . or Enter, or press ? or * to list all spells.
Aiming: Pain (safe; 2% risk of failure)
Press: ? - help, Shift-Dir - straight line, f/p - black bear
Aim: a black bear (lightly wounded, chance to affect: 84%)
You feel a surge of power!
The black bear writhes in agony.
Casting: Pain (safe; 2% risk of failure)
Confirm with . or Enter, or press ? or * to list all spells.
The spell is quite dangerous to cast (8% risk of failure)!
Continue anyway?
Aiming: Vampiric Draining (quite dangerous; 8% risk of failure)
Press: ? - help, Shift-Dir - straight line, f/p - black bear
Aim: a black bear (moderately wounded)
You feel a surge of power!
You miscast Vampiric Draining.
You are very lightly contaminated with residual magic.
Nothing appears to happen.
The black bear bites you. The black bear closely misses you.
The black bear barely misses you.
You hit the black bear.
The black bear is poisoned.
The black bear is moderately wounded.
The black bear bites you. The black bear claws you. x2
You barely miss the black bear.
The black bear is severely wounded.
The black bear bites you. The black bear claws you.
* * * LOW HITPOINT WARNING * * *
The black bear barely misses you.
Your magical contamination has completely faded away.
The black bear goes berserk!
The black bear rages.
The black bear bites you.
You die...

###################
...............h..###
################@...#
#....# #....# #....##
#.....# . #####.## ..
#..# ### ##.#######
#.#.....#


You could see a black bear (berserk, poisoned).

Vanquished Creatures
  2 adders
  4 ball pythons
  An endoplasm (D:2)
  A giant cockroach (D:1)
  2 goblins
  4 hobgoblins
  2 kobolds
  3 quokkas
  6 bats
  6 rats
31 creatures vanquished.

Notes
Turn   | Place    | Note
-------+----------+-------------------------------------------
     0 | D:1      | Gwenloh the Mummy Necromancer began the quest for the Orb.
     0 | D:1      | Reached XP level 1. HP: 13/13 MP: 4/4
   177 | D:1      | Found Nytatsai's Antique Weapon Boutique.
   525 | D:1      | Reached XP level 2. HP: 19/19 MP: 4/6
   527 | D:1      | Learned a level 1 spell: Animate Skeleton
   598 | D:1      | Found a faded altar of an unknown god.
  1367 | D:2      | Reached XP level 3. HP: 24/24 MP: 4/7
  1699 | D:2      | Learned a level 3 spell: Vampiric Draining
  1938 | D:3      | Noticed a black bear
  1967 | D:3      | Slain by a black bear

Illustrated notes

Levels and vault maps discovered:
D:1:      matt_arrival_refuge, layout_loops_ring, ebering_ecumenical_altar_hall,
          serial_shops, nicolae_lakefront_shop, serial_bayou_lagoon_b
D:2:      layout_rooms, dk_noncrumbling_3, minmay_misc_feat_ornament,
          minmay_split_cup_small
D:3:      layout_basic

Skill      XL: |  1 |
---------------+----+-----
Spellcasting   | 3 |  3.5
Dodging        | |  1.5
Stealth        | |  1.5
Necromancy     | |  4.9

Action                   || total
-------------------------++-------
Melee: Whip              ||     7
       Dagger            ||     2
 Cast: Pain              ||    52
       Animate Skeleton  ||     2
       Vampiric Draining ||     1
  Use: Scroll            ||     2
Dodge: Dodged            ||     6

Table legend: (Time is in decaauts)
 A = Elapsed time spent in this place.
 B = Non-inter-level travel time spent in this place.
 C = Inter-level travel time spent in this place.
 D = Time resting spent in this place.
 E = Time spent auto-exploring this place.
 F = Levels seen in this place.
 G = Mean time per level.
                   A        B        C        D        E       F      G
               +--------+--------+--------+--------+--------+-----+--------+
         Total |   1981 |   1966 |     15 |     82 |   1655 |   3 |  660.3 |
       Dungeon |   1981 |   1966 |     15 |     82 |   1655 |   3 |  660.3 |
               +--------+--------+--------+--------+--------+-----+--------+

Top non-repeatable levels by time:
     D:1: 1042 daAuts
     D:2: 715 daAuts
     D:3: 223 daAuts
